 Dungeon Crawl Stone Soup version 0.21-a0-404-g291f19a (webtiles) character file.

23553 karf the Cruncher (level 13, -11/107 HPs)
             Began as a Formicid Fighter on Oct 31, 2017.
             Was an Elder of Ru.
             Mangled by Rupert
             ... wielding a +2 battleaxe of chopping
              (15 damage)
             ... on level 3 of the Lair of Beasts.
             The game lasted 00:45:58 (15973 turns).

karf the Cruncher (Formicid Fighter)               Turns: 15973, Time: 00:45:59

Health: -11/107    AC: 24    Str: 27    XL:     13   Next: 36%
Magic:  13/13      EV:  8    Int:  9    God:    Ru [****..]
Gold:   538        SH: 12    Dex: 13    Spells: 12/12 levels left

rFire    . . .     SeeInvis +   q - +4 lajatang
rCold    . . .     Gourm    .   c - +0 shield
rNeg     . . .     Faith    .   N - +0 plate armour
rPois    .         Spirit   .   (helmet unavailable)
rElec    .         Reflect  .   z - +0 cloak
rCorr    .         Harm     .   j - +1 pair of gloves
MR       ++...                  b - +0 pair of boots {Stlth+}
Stlth    ..........             (no amulet)
HPRegen  0.27/turn              n - ring of protection from magic
MPRegen  0.13/turn              L - +4 ring of protection

@: mighty, no scrolls
A: permanent stasis, dig shafts and tunnels, four strong arms, antennae 3,
inability to read while threatened, inability to train dodging, no poison magic,
no translocations magic, no transmutations magic, missing an eye
a: Dig, Shaft Self, Draw Out Power, Power Leap, Renounce Religion


You were on level 3 of the Lair of Beasts.
You worshipped Ru.
Ru was greatly pleased with you.
You were not hungry.

You visited 3 branches of the dungeon, and saw 16 of its levels.

You collected 988 gold pieces.
You spent 450 gold pieces at shops.

Inventory:

Hand Weapons
 q - a +4 lajatang (weapon)
Armour
 b - a +0 pair of boots of stealth (worn)
 c - a +0 shield (worn)
 j - a +1 pair of gloves (worn)
 z - a +0 cloak (worn)
 N - a +0 plate armour (worn)
Jewellery
 d - an uncursed ring of fire
 n - a ring of protection from magic (left hand)
 J - an uncursed ring of ice
 K - an uncursed ring of resist corrosion
 L - a +4 ring of protection (right hand)
 Q - an uncursed ring of protection from cold {unknown}
Wands
 e - a wand of random effects (19/48)
 p - a wand of flame (48/48)
 H - a wand of confusion (26/48)
 M - a wand of iceblast (8/15)
Scrolls
 k - 3 scrolls of identify
 l - a scroll of amnesia
 s - a scroll of remove curse
 B - a scroll of fear
 E - 3 scrolls of recharging
 F - a scroll of vulnerability {unknown}
 G - 4 scrolls of enchant weapon
 I - 2 scrolls of enchant armour
 O - a scroll of immolation {unknown}
 P - 2 scrolls of magic mapping
Potions
 g - a potion of agility {unknown}
 h - a potion of lignification {unknown}
 r - a potion of brilliance
 t - 2 potions of flight
 u - 2 potions of magic
 x - 8 potions of curing
 A - 2 potions of resistance
 D - 3 potions of ambrosia
Books
 v - a book of Clouds

   Spells                             Type                      Level
   a - Poisonous Vapours              Poison/Air                   2
   b - Mephitic Cloud                 Conjuration/Poison/Air       3
   c - Conjure Flame                  Conjuration/Fire             3
   d - Freezing Cloud                 Conjuration/Ice/Air          6
   e - Ring of Flames                 Charms/Fire                  7
 y - a book of Cantrips

   Spells                             Type                      Level
   a - Confusing Touch                Hexes                        1
   b - Animate Skeleton               Necromancy                   1
   c - Summon Small Mammal            Summoning                    1
   d - Apportation                    Translocation                1
 C - a book of Geomancy

   Spells                             Type                      Level
   a - Sandblast                      Earth                        1
   b - Passwall                       Transmutation/Earth          2
   c - Stone Arrow                    Conjuration/Earth            3
   d - Petrify                        Transmutation/Earth          4
   e - Lee's Rapid Deconstruction     Earth                        5
 S - Uprefyvu's Handbook of Heat
   (You found it on level 3 of the Lair of Beasts)

   Spells                             Type                      Level
   a - Flame Tongue                   Conjuration/Fire             1
   b - Throw Flame                    Conjuration/Fire             2
   c - Bolt of Fire                   Conjuration/Fire             6
   d - Ignition                       Fire                         8
Comestibles
 f - 13 bread rations
 i - 2 meat rations
 m - 6 royal jellies
 o - 10 fruits


   Skills:
 + Level 11.7 Fighting
 - Level 14.0 Staves
 + Level 11.7 Armour
 - Level 9.1 Shields


You had 12 spell levels left.
You didn't know any spells.

Dungeon Overview and Level Annotations

Branches:
Dungeon (11/15)            Temple (1/1) D:7            Lair (4/6) D:8
  Swamp (0/4) Lair:3          Orc (0/2) D:11
  Snake: Lair:2-4    Spider: Lair:2-4

Altars:
Ashenzari
Cheibriados
Dithmenos
Elyvilon
Fedhas
Gozag
Hepliaklqana
Kikubaaqudgha
Makhleb
Nemelex Xobeh
Okawaru
Qazlal
Ru
Sif Muna
Trog
Uskayaw
Vehumet
Wu Jian
Xom
Yredelemnul
Zin
The Shining One

Shops:
D:11 *

Portals:
Ice
Cave: Lair:4

Annotations:
D:4 exclusion: downstairs
D:9 4 runed doors
Lair:3 Rupert
Lair:4 Harold


Innate Abilities, Weirdness & Mutations

You cannot be hasted, slowed, berserked, paralysed or teleported.
You can dig through walls and to a lower floor.
Your four strong arms can wield two-handed weapons with a shield.
You have a pair of large antennae on your head. (SInv)
You cannot read scrolls while threatened.
You cannot train Dodging skill.
You cannot study or cast Poison magic.
You cannot study or cast Translocations magic.
You cannot study or cast Transmutations magic.
You are missing an eye, making it more difficult to aim.


Message History

Rupert hits you with a battleaxe of chopping!
The komodo dragon bites you!
* * * LOW HITPOINT WARNING * * *
Rupert hits you with a battleaxe of chopping!!
* * * LOW HITPOINT WARNING * * *
x2 Harold throws a throwing net.
You block the throwing net. The komodo dragon closely misses you.
You climb upwards.
There is a stone staircase leading down here.
Unknown command.
You redirect Rupert's attack!
Rupert hits the komodo dragon with a battleaxe of chopping!!
Rupert hits you with a battleaxe of chopping!
* * * LOW HITPOINT WARNING * * *
x2 The komodo dragon is no longer blind.
You block Rupert's attack. Rupert hits you but does no damage.
Rupert rages.
Rupert hits you with a battleaxe of chopping!
You die...

♣......P.## ###
♣♣♣♣♣♣♣♣♣♣♣♣♣♣♣♣♣....#
##.####♣♣§≈≈≈≈≈≈≈≈≈≈♣≈†≈♣♣♣...
#......♣♣§.......†...♣.....♣..
#.#.##♣♣♣§>.†♣...♣.♣.......♣..
#.### ♣§§§≈≈♣≈≈≈≈≈≈≈≈≈♣♣♣...
#.P# ♣♣♣♣♣♣♣♣♣♣♣♣♣♣♣♣♣...##
#.## ##...♣♣♣♣♣♣♣♣........##
##.# #.....@......###P.....#
#..# ###..@P...##..###>.....
##..# ##..P...#..#.##..#...
#.#.## #.#l................
##...# #..#.####...........
##..########.##.#P##..P÷#......
#...##.#.......[..#.....(......
#..####..[....#....#........#..
##.###...........<.........##..


You could see Rupert (berserk) and a komodo dragon.

Vanquished Creatures
  A hydra (Lair:2)
  A death yak (Lair:3)
  An ugly thing (D:11)
  The ghost of zodiak12 the Shield-Bearer, a novice TrFi (D:6)
  3 elephants
  A black mamba (Lair:1)
  4 spiny frogs
  A centaur skeleton (D:11)
  5 komodo dragons
  2 rime drakes
  A troll (D:11)
  A polar bear (D:9)
  A hornet (D:9)
  12 blink frogs
  2 hippogriffs
  A shadow (D:11)
  23 yaks
  A fire bat (D:5)
  A hungry ghost (D:8)
  6 swamp worms (Lair:3)
  6 water moccasins
  4 porcupines
  5 orc warriors
  A sky beast (D:5)
  2 phantoms
  A black bear (Lair:2)
  10 ice beasts
  11 wolves
  4 centaurs (D:10)
  5 ogres
  2 crocodiles (Lair:1)
  6 big kobolds
  14 bullfrogs
  A wyvern zombie (D:10)
  3 gnoll sergeants (D:11)
  3 scorpions
  A wyvern skeleton (D:11)
  A water moccasin skeleton (D:10)
  8 wights
  3 electric eels
  2 howler monkeys (D:9)
  3 crimson imps
  A quasit (D:6)
  2 bullfrog zombies
  4 jellies
  10 orc priests
  A bullfrog skeleton (D:4)
  7 hounds
  10 orc wizards
  Crazy Yiuf (D:4)
  9 worker ants
  Natasha (thrice) (D:3)
  8 iguanas
  2 hound skeletons
  2 worker ant zombies
  A howler monkey skeleton (D:9)
  4 gnolls (D:11)
  9 adders
  2 shadow imps
  A white imp (D:9)
  A worker ant simulacrum (D:9)
  2 adder skeletons (D:4)
  5 worms
  3 dart slugs
  5 leopard geckos
  37 orcs
  5 bats
  5 giant cockroaches
  2 gnoll zombies (D:6)
  9 goblins
  13 hobgoblins
  11 jackals
  6 quokkas
  7 frilled lizards
  A jackal skeleton (D:4)
  A jackal zombie (D:8)
  18 kobolds
  2 leopard gecko skeletons
  A quokka skeleton (D:7)
  9 rats
385 creatures vanquished.

Vanquished Creatures (others)
  A hydra (Lair:3)
  2 blink frogs (Lair:3)
  An orc warrior (D:11)
  A crocodile (Lair:1)
  2 fungi (Lair:3)
  2 plants (Lair:3)
9 creatures vanquished.

Grand Total: 394 creatures vanquished

Notes
Turn   | Place    | Note
-------+----------+-------------------------------------------
     0 | D:1      | karf the Formicid Fighter began the quest for the Orb.
     0 | D:1      | Reached XP level 1. HP: 18/18 MP: 1/1
    39 | D:1      | Reached XP level 2. HP: 20/24 MP: 2/2
   325 | D:1      | Reached XP level 3. HP: 18/29 MP: 3/3
   832 | D:2      | Reached XP level 4. HP: 22/37 MP: 4/4
  1312 | D:2      | Found a bloodstained altar of Trog.
  1343 | D:2      | Reached XP level 5. HP: 42/42 MP: 5/5
  1487 | D:2      | Reached skill level 3 in Staves
  1727 | D:3      | Found a snail-covered altar of Cheibriados.
  2205 | D:3      | Noticed Natasha
  2216 | D:3      | Killed Natasha
  2216 | D:3      | Reached XP level 6. HP: 12/49 MP: 6/6
  2361 | D:3      | Noticed Natasha
  2372 | D:3      | Killed Natasha
  2372 | D:3      | Reached skill level 5 in Shields
  2766 | D:3      | Noticed Natasha
  2821 | D:3      | Killed Natasha
  3028 | D:4      | Noticed a phantom
  3061 | D:4      | Killed a phantom
  3061 | D:4      | Reached XP level 7. HP: 53/55 MP: 7/7
  3144 | D:4      | Found a sparkling altar of Nemelex Xobeh.
  3277 | D:4      | Reached skill level 5 in Fighting
  3277 | D:4      | Reached skill level 5 in Armour
  3299 | D:4      | Found a runed door.
  3331 | D:4      | Reached skill level 4 in Staves
  3363 | D:4      | Noticed Crazy Yiuf
  3370 | D:4      | Killed Crazy Yiuf
  3630 | D:4      | Found a burning altar of Makhleb.
  4073 | D:5      | Entered Level 5 of the Dungeon
  4265 | D:5      | Reached XP level 8. HP: 37/63 MP: 8/8
  4275 | D:5      | Noticed a two-headed ogre
  4404 | D:5      | Noticed Edmund
  4431 | D:5      | Noticed Edmund
  4431 | D:5      | Edmund changed into Edmund the fire bat
  4443 | D:5      | Killed Edmund the fire bat
  4800 | D:5      | Reached skill level 5 in Staves
  5049 | D:5      | Found an ancient bone altar of Kikubaaqudgha.
  5207 | D:5      | Found a deep blue altar of Sif Muna.
  5318 | D:6      | HP: 1/64 [orc priest/divine providence (11)]
  5438 | D:6      | Noticed zodiak12's ghost (novice TrFi)
  5583 | D:6      | Killed zodiak12's ghost
  5583 | D:6      | Reached skill level 6 in Staves
  5583 | D:6      | Reached XP level 9. HP: 62/71 MP: 9/9
  5728 | D:6      | Found a basalt altar of Yredelemnul.
  5891 | D:6      | Found a shadowy altar of Dithmenos.
  5937 | D:6      | Found a stormy altar of Qazlal.
  6323 | D:7      | Found a staircase to the Ecumenical Temple.
  6334 | Temple   | Entered the Ecumenical Temple
  6528 | Temple   | Became a worshipper of Ru the Awakened
  6827 | D:7      | Found an iron altar of Okawaru.
  6847 | D:7      | Reached skill level 7 in Staves
  7142 | D:8      | Reached XP level 10. HP: 68/79 MP: 10/10
  7308 | D:8      | Reached skill level 8 in Staves
  7841 | D:8      | Found a staircase to the Lair.
  8023 | D:8      | Found a shattered altar of Ashenzari.
  8093 | D:8      | Found a glowing golden altar of the Shining One.
  8251 | D:8      | Found a hide-covered altar of Uskayaw.
  8596 | D:9      | Reached skill level 9 in Staves
  8600 | D:9      | Gained mutation: You cannot train Dodging skill. [Ru sacrifice]
  8600 | D:9      | Reached * piety under Ru
  8873 | D:9      | Found a huge runed gate.
  8873 | D:9      | Noticed a manticore
  9494 | D:9      | Reached XP level 11. HP: 83/87 MP: 11/11
  9565 | D:9      | Found a stormy altar of Qazlal.
  9580 | D:9      | Found a huge runed gate.
  9580 | D:9      | Found a huge runed gate.
  9580 | D:9      | Found a huge runed gate.
  9580 | D:9      | Noticed a manticore
  9707 | D:10     | Entered Level 10 of the Dungeon
  9785 | D:10     | Reached skill level 10 in Staves
  9931 | D:10     | Got a translucent war axe
  9932 | D:10     | Identified the +11 war axe "Lifebane" {protect, *Drain rC+ Str+7 SInv} (You found it on level 10 of the Dungeon)
 10660 | D:11     | Found Tycycik's Assorted Antiques.
 10705 | D:11     | Bought a steel ring for 150 gold pieces
 10705 | D:11     | Bought a shiny steel ring for 150 gold pieces
 10705 | D:11     | Bought a granite ring for 150 gold pieces
 10714 | D:11     | Gained mutation: You cannot study or cast Poison magic. [Ru sacrifice]
 10714 | D:11     | Gained mutation: You cannot study or cast Transmutations magic. [Ru sacrifice]
 10714 | D:11     | Gained mutation: You cannot study or cast Translocations magic. [Ru sacrifice]
 10714 | D:11     | Reached ** piety under Ru
 10751 | D:11     | Reached skill level 11 in Staves
 11038 | D:11     | Noticed a white ugly thing
 11377 | D:11     | Found a staircase to the Orcish Mines.
 11406 | D:11     | Reached skill level 12 in Staves
 11722 | D:11     | Identified a scroll of acquirement
 11775 | D:11     | Killed a white ugly thing
 11944 | Lair:1   | Entered Level 1 of the Lair of Beasts
 12366 | Lair:1   | Reached skill level 13 in Staves
 12366 | Lair:1   | Reached XP level 12. HP: 94/94 MP: 12/12
 13058 | Lair:1   | Gained mutation: You cannot read scrolls while threatened. [Ru sacrifice]
 13058 | Lair:1   | Reached *** piety under Ru
 13166 | Lair:2   | Reached skill level 14 in Staves
 13170 | Lair:2   | Noticed a five-headed hydra
 13178 | Lair:2   | Killed a ten-headed hydra
 13307 | Lair:3   | Noticed a five-headed hydra
 13312 | Lair:3   | Killed an eight-headed hydra
 13515 | Lair:3   | Reached skill level 10 in Fighting
 13515 | Lair:3   | Reached skill level 10 in Armour
 14173 | Lair:2   | Reached XP level 13. HP: 95/104 MP: 13/13
 15135 | Lair:3   | Identified Uprefyvu's Handbook of Heat
 15160 | Lair:3   | Found a staircase to the Swamp.
 15499 | Lair:3   | Gained mutation: You are missing an eye, making it more difficult to aim. [Ru sacrifice]
 15499 | Lair:3   | Reached **** piety under Ru
 15601 | Lair:4   | Found a frozen archway.
 15614 | Lair:4   | Noticed Rupert
 15630 | Lair:4   | Noticed Harold
 15965 | Lair:3   | HP: 4/107 [Rupert/battleaxe of chopping (10)]
 15973 | Lair:3   | Mangled by Rupert

Vault maps used:
D:1:      dpeg_arrival_rooms_with_view, minmay_three_crescents
D:2:      trog_butcher_becter
D:3:      lemuel_doored_altar, minmay_fountain_box, serial_bayou_pond_a,
          uniq_natasha
D:4:      overflow_temple_1_default, nemelex_xobeh_ov_fountains_minmay,
          uniq_crazy_yiuf_cottage
D:5:      kennysheep_little_box, led_sif_book, first_bread, grunt_ministairs_12,
          uniq_edmund
D:6:      nicolae_dithmenos_through_a_glass_darkly,
          lemuel_zombie_altar_yredelemnul, grunt_qazlal_sundering
D:7:      okawaru_metal_pillars_1_2, minmay_temple_entry_junction
D:8:      tso_metal_star, eat_drink_and_be_merry_uskayaw, marbit_many_paths
D:9:      lemuel_bear_cage, nicolae_overflow_hidden_temple, serial_ice,
          serial_ice_o, serial_ice_g, serial_ice_m, serial_ice_d, serial_ice_e,
          serial_ice_n
D:11:     kennysheep_orc_monster_closet_entryway, serial_shops, shop
Temple:   jpeg_temple_alley_garden
Lair:2:   beast_lair_carwin_11, serial_bayou_shore_a, serial_bayou_shore_b,
          infiniplex_staircase_pool_2, grunt_megastairs_1, serial_bayou_shore_b
Lair:3:   nicolae_swamp_entry_splash_gauntlet
Lair:4:   spider_nest_entry_a, portal_ice_cave_entry_ice_beasts,
          beast_lair_carwin_2, uniq_rupert, uniq_harold

Skill      XL: |  1  2  3  4  5  6  7  8  9 10 11 12 13 |
---------------+----------------------------------------+-----
Shields        | 4 5 6 7 9 |  9.1
Fighting       | 4 5 6 7 8 10 11 | 11.7
Armour         | 4 5 6 7 8 10 11 | 11.7
Staves         | 3 4 6 7 9 13 14 | 14.0

Action                   |  1- 3 |  4- 6 |  7- 9 | 10-12 | 13-15 || total
-------------------------+-------+-------+-------+-------+-------++-------
Melee: Quarterstaff      |   119 |   185 |   217 |       |       ||   521
       Lajatang          |       |       |    60 |   717 |   167 ||   944
Throw: Tomahawk          |       |       |     5 |       |       ||     5
Invok: Sacrifice Nimblen |       |       |       |     1 |       ||     1
       Sacrifice Arcana  |       |       |       |     1 |       ||     1
       Sacrifice Words   |       |       |       |     1 |       ||     1
       Sacrifice an Eye  |       |       |       |       |     1 ||     1
  Use: Potion            |       |     1 |     2 |     4 |     3 ||    10
       Scroll            |       |       |    18 |     6 |       ||    24
 Stab: Paralysed         |       |       |     3 |       |       ||     3
       Invisible         |       |       |       |     3 |       ||     3
       Distracted        |       |       |       |     1 |     1 ||     2
  Eat: Chunk             |       |     6 |    14 |    20 |     6 ||    46
       Meat ration       |       |       |       |     1 |       ||     1
Armor: Scale mail        |    74 |    59 |    78 |    93 |       ||   304
       Plate armour      |       |       |       |   125 |    70 ||   195
Dodge: Dodged            |    60 |    56 |    73 |   180 |    26 ||   395
Block: Shield            |   105 |    87 |   117 |   322 |    69 ||   700

Table legend:
 A = Spawn XP
 B = Non-spawn XP
 C = Spawn XP percentage of total XP
 D = Spawn monster count
 E = Non-spawn monster count
 F = Spawn count percentage of total count
 G = Total turns spent on level
                    A         B        C        D         E        F      G
               +---------+---------+-------+---------+---------+-------+---------
         Total |       0 |   33648 |   0.0 |       0 |     390 |   0.0 | 15973
               +---------+---------+-------+---------+---------+-------+---------
           D:1 |       0 |      46 |   0.0 |       0 |      29 |   0.0 |   694
           D:2 |       0 |     108 |   0.0 |       0 |      28 |   0.0 |   897
           D:3 |       0 |     272 |   0.0 |       0 |      25 |   0.0 |  1407
           D:4 |       0 |     515 |   0.0 |       0 |      19 |   0.0 |  1166
           D:5 |       0 |     706 |   0.0 |       0 |      29 |   0.0 |  1249
           D:6 |       0 |    1275 |   0.0 |       0 |      18 |   0.0 |   829
           D:7 |       0 |     623 |   0.0 |       0 |      14 |   0.0 |   645
           D:8 |       0 |    1568 |   0.0 |       0 |      25 |   0.0 |  1484
           D:9 |       0 |    2937 |   0.0 |       0 |      33 |   0.0 |  1192
          D:10 |       0 |    1132 |   0.0 |       0 |      22 |   0.0 |   956
          D:11 |       0 |    4365 |   0.0 |       0 |      54 |   0.0 |  1193
        Lair:1 |       0 |    5268 |   0.0 |       0 |      27 |   0.0 |  1211
        Lair:2 |       0 |    6572 |   0.0 |       0 |      28 |   0.0 |   861
        Lair:3 |       0 |    7323 |   0.0 |       0 |      32 |   0.0 |  1909
        Lair:4 |       0 |     938 |   0.0 |       0 |       7 |   0.0 |    48
               +---------+---------+-------+---------+---------+-------+---------
